 Dungeon Crawl Stone Soup version 0.19-a0-1091-g463c9de (webtiles) character file.

639 Jmtri7 the Cleaver (level 7, -2/57 HPs)
             Began as a Hill Orc Fighter on Aug 7, 2016.
             Slain by dickylongcocking's ghost (3 damage)
             ... on level 5 of the Dungeon.
             The game lasted 00:09:52 (3509 turns).

Jmtri7 the Cleaver (Hill Orc Fighter)               Turns: 3509, Time: 00:09:53

Health: -2/57      AC: 11    Str: 26    XL:     7   Next: 51%
Magic:  7/7        EV:  6    Int:  8    God:
Gold:   245        SH:  0    Dex: 10    Spells: 0 memorised, 6 levels left

rFire  + . .     SeeInvis .     a - +0 war axe
rCold  . . .     Gourm    .     A - +0 chain mail
rNeg   . . .     Faith    .     c - +0 shield
rPois  .         Spirit   .     (no helmet)
rElec  .         Dismiss  .     w - +1 cloak {MR+}
rCorr  .         Reflect  .     (no gloves)
SustAt .         Harm     .     (no boots)
MR     +....                    (no amulet)
Stlth  ..........               s - ring of protection from fire
                                (no ring)

@: confused, mighty, lethally poisoned (-2 -> -9)
A: no striking features
a: no special abilities


You were on level 5 of the Dungeon.
You were not hungry.

You visited 1 branch of the dungeon, and saw 5 of its levels.
You also visited: Ossuary.

You collected 245 gold pieces.

Inventory:

Hand Weapons
 a - a +0 war axe (weapon)
Armour
 c - a +0 shield (worn)
 w - a +1 cloak of magic resistance (worn)
 A - a +0 chain mail (worn)
Jewellery
 j - an uncursed amulet of the gourmand {unknown}
 s - a ring of protection from fire (right hand)
Scrolls
 i - 5 scrolls of identify
 m - a scroll of remove curse
 n - a scroll of noise {unknown}
 o - a scroll of fog {unknown}
 r - a scroll of enchant armour {unknown}
 v - a scroll of amnesia {unknown}
 y - a scroll of magic mapping {unknown}
 z - 2 scrolls of immolation {unknown}
Potions
 b - 3 potions of cure mutation {unknown}
 d - 3 potions of might
 e - 11 potions of curing {unknown}
 h - 4 potions of heal wounds {unknown}
 k - 3 potions of mutation {unknown}
 l - a potion of resistance {unknown}
 t - 6 potions of haste {unknown}
 u - a potion of brilliance {unknown}
 x - 2 potions of flight {unknown}
 B - a potion of degeneration {unknown}
Comestibles
 f - 6 bread rations
 g - 2 slices of pizza
 p - 3 fruits
 q - 3 meat rations
 C - 3 chunks of flesh


   Skills:
 - Level 3.6 Fighting
 - Level 10.4 Axes
 + Level 3.5 Armour
 - Level 3.2 Shields


You had 6 spell levels left.
You didn't know any spells.

Dungeon Overview and Level Annotations

Branches:
Dungeon (5/15)
 Temple: D:4-7

Altars:
Dithmenos
Gozag
Hepliaklqana
Nemelex Xobeh
Pakellas
Ru
Trog
Uskayaw
Vehumet
Yredelemnul
The Shining One

Annotations:
D:5 dickylongcocking's ghost, amateur OpVM


Message History

You feel sick.
* * * LOW HITPOINT WARNING * * *
You feel sick.
Dickylongcocking's ghost stares at you and mumbles some strange words.
The ball explodes into a vile cloud!
The stinking cloud engulfs you!
You are engulfed in noxious fumes.
You choke on the stench!
You are confused.
* * * LOW HITPOINT WARNING * * *
x2 You feel sick.
You bump into the stone wall.
You are engulfed in noxious fumes.
* * * LOW HITPOINT WARNING * * *
x2 You feel sick.
Unknown command.
Unknown command.
You feel very mighty all of a sudden.
You are engulfed in noxious fumes.
You choke on the stench!
You are more confused.
* * * LOW HITPOINT WARNING * * *
You feel sick. Dickylongcocking's ghost hits you.
You die...

### .# # ... ..# #.##.#
#.# ##### .... ... .....
#§###.# ##.. #.W##.######
######.
##§#@#.............#.
#W#.#..#.##.#........
#..#...#.#.##.#..###.##
....#.....#..##.#..# #.##
#....#.≈≈≈.#.....#..###...
....#
#≈...≈#..##.#..#...## ....
#≈._.≈#..##.#..###.## .#.
#≈...≈#.............. .
#.≈≈≈.#...###.#......


You could see dickylongcocking's ghost.

Vanquished Creatures
  Edmund (D:5)
  An elf zombie (Ossuary)
  A centaur zombie (Ossuary)
  A crimson imp (D:5)
  Crazy Yiuf (D:2)
  An orc wizard (D:4)
  A human zombie (Ossuary)
  An iguana (D:4)
  3 worker ants
  A hound skeleton (D:4)
  2 mummies (Ossuary)
  A howler monkey skeleton (D:4)
  4 adders
  3 adder zombies (Ossuary)
  6 worms
  2 dart slugs
  2 giant geckos
  2 orcs (D:4)
  9 bats
  8 giant cockroaches
  2 gnoll zombies (D:4)
  5 goblins
  8 hobgoblins
  6 jackals
  3 quokkas
  3 ball pythons
  A giant gecko skeleton (D:4)
  3 giant newts
  7 hobgoblin zombies (Ossuary)
  2 jackal zombies (Ossuary)
  6 kobolds
  7 kobold zombies
  13 orc zombies (Ossuary)
  3 rats
  4 rat zombies
  3 fungi (D:2)
127 creatures vanquished.

Notes
Turn   | Place    | Note
-------+----------+-------------------------------------------
     0 | D:1      | Jmtri7 the Hill Orc Fighter began the quest for the Orb.
     0 | D:1      | Reached XP level 1. HP: 19/19 MP: 1/1
    94 | D:1      | Reached skill level 3 in Axes
   261 | D:1      | Reached XP level 2. HP: 26/26 MP: 2/2
   430 | D:1      | Reached skill level 4 in Axes
   708 | D:2      | Reached XP level 3. HP: 31/31 MP: 3/3
   768 | D:2      | Reached skill level 5 in Axes
  1067 | D:2      | Reached XP level 4. HP: 18/39 MP: 4/4
  1339 | D:2      | Found a faded altar of an unknown god.
  1529 | D:2      | Found a runed door.
  1533 | D:2      | Noticed Crazy Yiuf
  1539 | D:2      | Killed Crazy Yiuf
  1539 | D:2      | Reached skill level 6 in Axes
  1685 | D:3      | Found a hide-covered altar of Uskayaw.
  1761 | D:3      | Reached XP level 5. HP: 45/45 MP: 5/5
  2123 | D:3      | Reached skill level 7 in Axes
  2585 | D:4      | Found a sand-covered staircase.
  2595 | Ossuary  | Entered an ossuary
  2718 | Ossuary  | Reached skill level 8 in Axes
  2718 | Ossuary  | Reached XP level 6. HP: 41/51 MP: 6/6
  2804 | Ossuary  | Reached skill level 9 in Axes
  2911 | D:4      | Found a sparkling altar of Nemelex Xobeh.
  3048 | D:4      | Found a basalt altar of Yredelemnul.
  3159 | D:4      | Reached XP level 7. HP: 46/57 MP: 7/7
  3210 | D:4      | Found a hazy altar of Hepliaklqana.
  3223 | D:4      | Found a bloodstained altar of Trog.
  3223 | D:4      | Found an opulent altar of Gozag.
  3223 | D:4      | Found a shadowy altar of Dithmenos.
  3224 | D:4      | Found a radiant altar of Vehumet.
  3225 | D:4      | Found a glowing golden altar of the Shining One.
  3226 | D:4      | Found an oddly glowing altar of Pakellas.
  3386 | D:5      | Entered Level 5 of the Dungeon
  3389 | D:5      | Noticed Edmund
  3408 | D:5      | Killed Edmund
  3408 | D:5      | Reached skill level 10 in Axes
  3486 | D:5      | Found a sacrificial altar of Ru.
  3491 | D:5      | Noticed dickylongcocking's ghost (amateur OpVM)
  3508 | D:5      | HP: 2/57 [something] (2)]
  3509 | D:5      | Slain by dickylongcocking's ghost

Vault maps used:
D:1:      wheals_arrival_shading
D:2:      ecumenical_altar_2, uniq_crazy_yiuf_cottage
D:3:      overflow_temple_1_default
D:4:      nemelex_xobeh_ov_fountains_minmay, lemuel_zombie_altar_yredelemnul,
          minitemple, enter_ossuary_3
D:5:      nicolae_ru_awakened_eye, first_bread, kennysheep_nondescript,
          hangedman_glass_garden, minmay_hollow_rounded_squares, uniq_edmund,
          uniq_blork_the_orc
Ossuary:  ossuary_tomb_1

Skill      XL: |  1  2  3  4  5  6  7 |
---------------+----------------------+-----
Axes           | 3 4 5 6 8 9 10 | 10.4
Fighting       | |  3.6
Armour         | |  3.5
Shields        | |  3.2

Action                   |  1- 3 |  4- 6 |  7- 9 || total
-------------------------+-------+-------+-------++-------
Melee: War axe           |   107 |   288 |    54 ||   449
  Use: Scroll            |       |     2 |       ||     2
       Potion            |       |       |     1 ||     1
  Eat: Chunk             |     1 |     6 |     2 ||     9
Armor: Scale mail        |    61 |    56 |       ||   117
       Chain mail        |       |    72 |    26 ||    98
Dodge: Dodged            |    32 |    57 |    10 ||    99
Block: Shield            |    77 |   116 |    17 ||   210
